 Dungeon Crawl Stone Soup version 0.30.1-11-g7821555f0a (webtiles) character file.

Game seed: 15257244660513157622

13117 Gladio the Nimble (level 11, 0/53 HPs)
             Began as a Felid Summoner on Nov 23, 2023.
             Was an Initiate of Gozag.
             Slain by an eight-headed hydra (16 damage)
             ... on level 3 of the Lair of Beasts.
             The game lasted 01:19:37 (18924 turns).

Gladio the Nimble (Felid Summoner)                 Turns: 18924, Time: 01:19:37

Health: 0/53       AC:  3    Str:  4    XL:     11   Next: 71%
Magic:  15/26      EV: 25    Int: 21    God:    Gozag
Gold:   1380       SH:  0    Dex: 17    Spells: 13/30 levels left
                                        Lives:  0   Deaths: 3

rFire   . . .        (weapon unavailable)
rCold   + . .        (shield unavailable)
rNeg    . . .        (body armour unavailable)
rPois   .            (helmet unavailable)
rElec   .            (cloak unavailable)
rCorr   .            (gloves unavailable)
SInv    +            (boots unavailable)
Will    +....        v - amulet of magic regeneration
Stlth   ++           p - ring of wizardry
HPRegen 0.28/turn    t - ring of flight
MPRegen 0.60/turn

%: wizardry (x1)
@: flying, quick
A: very small, claws 1, fangs 3, see invisible, speed 1, shaggy fur 3, stealthy
paws, no weapons or thrown items, no armour, multi-lived
a: Renounce Religion, Potion Petition, Call Merchant, Bribe Branch


You were on level 3 of the Lair of Beasts.
You worshipped Gozag.
Gozag was most pleased with you.
You visited 3 branches of the dungeon, and saw 15 of its levels.
You also visited: Ossuary.

You collected 2784 gold pieces.
You paid 1404 gold pieces to Gozag.

Inventory:

Hand Weapons
 F - a +1 spear of distortion
Jewellery
 p - a ring of wizardry (left paw)
 t - a ring of flight (right paw)
 v - an amulet of magic regeneration (around neck)
 C - an amulet of regeneration
Wands
 x - a wand of roots (8)
 z - a wand of mindburst (16) (quivered)
 E - a wand of flame (12)
Scrolls
 b - a scroll of enchant weapon
 c - 2 scrolls of identify
 d - 5 scrolls of magic mapping
 f - 2 scrolls of blinking
 g - a scroll of brand weapon {unknown}
 i - 5 scrolls of enchant armour
 k - a scroll of poison
 m - a scroll of teleportation
 q - a scroll of torment
 r - 2 scrolls of immolation
 u - 2 scrolls of fog
 w - 3 scrolls of noise
 y - 2 scrolls of amnesia
 B - a scroll of vulnerability {unknown}
 H - a scroll of fear {unknown}
Potions
 a - 2 potions of magic
 e - 8 potions of heal wounds
 h - 6 potions of mutation
 j - 5 potions of resistance
 l - 7 potions of curing
 n - 5 potions of might
 o - 5 potions of haste
 s - 2 potions of brilliance {unknown}
 A - a potion of attraction {unknown}
 D - 2 potions of lignification
Miscellaneous
 G - a piece from Xom's chessboard (15/15)


   Skills:
 + Level 9.0 Fighting
 + Level 11.9 Dodging
 - Level 2.6 Stealth
 - Level 10.0 Spellcasting
 - Level 5.0 Hexes
 * Level 10.7 Summonings
 + Level 6.6 Transmutations
 + Level 7.5 Air Magic


You had 13 spell levels left.
You knew the following spells:

 Your Spells              Type           Power      Damage    Failure   Level
a - Summon Small Mammal   Summ           100%       N/A       1%          1
b - Call Imp              Summ           100%       N/A       1%          2
c - Call Canine Familiar  Summ           53%        N/A       1%          3
d - Summon Guardian Gole  Hex/Summ       43%        N/A       1%          3
e - Summon Lightning Spi  Summ/Air       48%        N/A       1%          4
f - Summon Ice Beast      Ice/Summ       33%        N/A       2%          4

Your spell library contained the following spells:

 Spells                   Type           Power      Damage    Failure   Level
 Poisonous Vapours        Pois/Air       52%        N/A       1%          2
 Apportation              Tloc           20%        N/A       2%          1
 Mephitic Cloud           Conj/Pois/Air  21%        N/A       2%          3
 Blink                    Tloc           20%        N/A       4%          2
 Ice Form                 Ice/Tmut       24%        N/A       7%          4
 Frozen Ramparts          Ice            20%        1d4       8%          3
 Alistair's Intoxication  Tmut/Pois      16%        N/A       19%         5
 Manifold Assault         Tloc           10%        N/A       26%         4
 Freezing Cloud           Conj/Ice/Air   10%        6-21      26%         5
 Storm Form               Tmut/Air       20%        N/A       73%         7


Dungeon Overview and Level Annotations

Branches:
Dungeon (11/15)            Temple (1/1) D:6            Lair (3/5) D:11
 Shoals (0/4) Lair:2       Spider (0/4) Lair:3          Orc (0/2) D:10
Ossuary (visited)

Altars:
Ashenzari
Cheibriados
Dithmenos
Elyvilon
Fedhas
Gozag
Hepliaklqana
Kikubaaqudgha
Makhleb
Nemelex Xobeh
Okawaru
Qazlal
Ru
Sif Muna
Trog
Uskayaw
Vehumet
Wu Jian
Xom
Yredelemnul
Zin
The Shining One

Shops:
D:6 !   Lair:1 *   Lair:3 :

Portals:
Abyss: D:3

Annotations:
Lair:1 exclusion: oklob plant
Lair:3 Nessos


Innate Abilities, Weirdness & Mutations

You have sharp claws.
You have razor-sharp teeth.
You have supernaturally acute eyesight. (SInv)
You cover ground quickly. (Speed+)
Your thick and shaggy fur keeps you warm. (AC +3, rC+)
Your paws help you pounce on unaware monsters.
You are incapable of wielding weapons or throwing items.
You cannot wear armour.
You gain extra lives every three experience levels.


Message History

You hear a trumpeting!
Your quokka misses the blink frog.
Your quokka bites the blink frog.
The blink frog hits your wolf!
Your wolf dies!
Your wolf's corpse disappears in a puff of smoke!
Your lightning spire shoots out a bolt of lightning at the blink frog!
The bolt of electricity hits the blink frog!
The bolt of electricity hits your quokka!!
Your quokka dies!
Your quokka's corpse disappears in a puff of smoke!
You scratch the eight-headed hydra.
The eight-headed hydra is severely wounded.
Your quokka bites the blink frog.
The blink frog hits your lightning spire.
You scratch the eight-headed hydra.
The eight-headed hydra is severely wounded.
The blink frog barely misses your lightning spire.
Your quokka bites the blink frog.
The eight-headed hydra bites you! The eight-headed hydra misses you.
The eight-headed hydra closely misses you.
The eight-headed hydra completely misses you.
The eight-headed hydra bites you!
The eight-headed hydra completely misses you.
The eight-headed hydra bites you!
The eight-headed hydra closely misses you.
The blink frog barely misses your quokka.
Your quokka closely misses the blink frog.
You barely miss the eight-headed hydra.
The eight-headed hydra is severely wounded.
The eight-headed hydra is no longer moving slowly.
The blink frog barely misses your quokka.
Your quokka closely misses the blink frog.
The eight-headed hydra bites you! The eight-headed hydra misses you.
The eight-headed hydra closely misses you.
The eight-headed hydra completely misses you.
The eight-headed hydra misses you.
The eight-headed hydra completely misses you.
The eight-headed hydra bites you!
You die...
Your body crumbles into a pile of gold.

# #########.#
#@##......#
###Dr.....##
#8.8F§$..##
#..D......##
.....§.....#.#
##
...............
#§
.......##.......
....§l ..#####
###.#..........
#. ............


You could see an eight-headed hydra, a blink frog (distracted, ally target), a
friendly lightning spire (summoned) and a friendly quokka (summoned).

Vanquished Creatures
  A hobgoblin (D:1)
  3 bats
  A kobold (D:1)
  A rat (D:1)
  A rat zombie (Ossuary)
7 creatures vanquished.

Vanquished Creatures (collateral kills)
  Gastronok (D:11)
  2 two-headed ogres (D:11)
  4 elephants
  Maggie (D:7)
  3 cane toads
  A torpor snail (Lair:2)
  An unseen horror (D:11)
  A troll (D:9)
  Grinder (D:3)
  14 blink frogs
  2 dream sheep (Lair:2)
  A snapping turtle (Lair:2)
  2 jumping spiders (Lair:3)
  2 slime creatures (D:10)
  A vampire (D:10)
  A culicivora (Lair:3)
  11 yaks
  2 wyverns
  2 wraiths
  Eustachio (D:4)
  2 basilisks
  2 redbacks (Lair:3)
  A steam dragon (D:6)
  3 acid dragons
  6 water moccasins
  4 orc warriors
  An ice beast (D:8)
  3 ogres (D:6)
  9 wolves
  2 centaurs
  2 phantoms
  An elf zombie (Ossuary)
  A nameless horror (Lair:1)
  Blork the orc (D:5)
  12 bullfrogs
  A scorpion (D:7)
  3 wights (D:8)
  A small abomination (D:3)
  6 killer bees (D:11)
  3 howler monkeys (D:9)
  2 centaur zombies (Ossuary)
  Crazy Yiuf (D:3)
  A hound (D:6)
  2 jellies
  5 orc priests
  3 iron imps (D:8)
  Terence (D:3)
  Natasha (D:3)
  An iguana (D:5)
  A sleepcap (D:7)
  8 orc wizards
  2 mummies (Ossuary)
  A gnoll (D:3)
  5 adders
  A shadow imp (D:7)
  A white imp (D:7)
  2 ufetubi
  A worm (D:2)
  24 orcs
  7 ball pythons
  7 bats
  5 endoplasms
  4 giant cockroaches
  6 goblins
  10 hobgoblins
  3 jackals (D:1)
  9 kobolds
  2 quokkas
  2 frilled lizards
  2 goblin zombies (Ossuary)
  14 hobgoblin zombies (Ossuary)
  2 jackal zombies (Ossuary)
  6 kobold zombies (Ossuary)
  7 orc zombies (Ossuary)
  4 rats
  2 rat zombies (Ossuary)
273 creatures vanquished.

Vanquished Creatures (others)
  Josephine (D:11)
  A hydra (Lair:3)
  A two-headed ogre (D:9)
  2 elephants (Lair:3)
  A gargoyle (D:10)
  2 cane toads
  2 blink frogs (Lair:3)
  A culicivora (Lair:3)
  2 slime creatures
  4 wraiths (D:11)
  A basilisk (Lair:2)
  4 yaks
  An acid dragon (D:11)
  The ghost of vvlvvlvvl the Shield-Bearer, an amateur GrFi (D:3)
  A water moccasin (Lair:2)
  An ice beast (D:5)
  4 orc warriors
  3 black bears
  A wolf (Lair:1)
  A centaur (D:9)
  A bullfrog (Lair:1)
  A scorpion (D:6)
  A jelly (D:6)
  An orc priest (D:6)
  A hound (D:6)
  An orc (D:10)
41 creatures vanquished.

Grand Total: 321 creatures vanquished

Notes
Turn   | Place    | Note
-------+----------+-------------------------------------------
     0 | D:1      | Gladio the Felid Summoner began the quest for the Orb.
     0 | D:1      | Reached XP level 1. HP: 7/7 MP: 4/4
   170 | D:1      | Reached XP level 2. HP: 11/11 MP: 1/6
   173 | D:1      | Learned a level 2 spell: Call Imp
  1043 | D:2      | Reached XP level 3. HP: 14/14 MP: 4/8
  1047 | D:2      | Learned a level 3 spell: Call Canine Familiar
  1730 | D:3      | Noticed Terence
  1812 | D:3      | Killed Terence
  1813 | D:3      | Reached XP level 4. HP: 11/18 MP: 1/9
  2014 | D:3      | Reached skill level 5 in Summonings
  2027 | D:3      | Learned a level 3 spell: Summon Guardian Golem
  2224 | D:3      | Found a runed translucent door.
  2225 | D:3      | Noticed Crazy Yiuf
  2273 | D:3      | Noticed Grinder
  2442 | D:3      | Killed Grinder
  2443 | D:3      | Reached skill level 1 in Fighting
  2443 | D:3      | Reached skill level 3 in Dodging
  2443 | D:3      | Reached XP level 5. HP: 22/22 MP: 2/11
  2443 | D:3      | Gained mutation: You are covered in thick fur. (AC +2)
                  | [Felid growth]
  2443 | D:3      | Reached XP level 6. HP: 26/26 MP: 2/12
  2528 | D:3      | Found a basalt altar of Yredelemnul.
  2573 | D:3      | Noticed Natasha
  2601 | D:3      | Killed Natasha
  2735 | D:3      | Found a transporter.
  2753 | D:3      | Found a transporter.
  2753 | D:3      | Found a one-way gate to the infinite horrors of the Abyss.
  2753 | D:3      | Noticed vvlvvlvvl's ghost (amateur GrFi)
  2844 | D:3      | Found a faded altar of an unknown god.
  2930 | D:3      | Found a sacrificial altar of Ru.
  3232 | D:3      | Killed Crazy Yiuf
  3379 | D:4      | Reached skill level 4 in Dodging
  3988 | D:4      | Noticed Eustachio
  4122 | D:4      | Killed Eustachio
  4123 | D:4      | Reached XP level 7. HP: 17/30 MP: 4/14
  4209 | D:4      | Found a glowing golden altar of the Shining One.
  4246 | D:4      | Learned a level 4 spell: Summon Lightning Spire
  4555 | D:5      | Entered Level 5 of the Dungeon
  4628 | D:5      | Noticed Blork the orc
  4639 | D:5      | Killed Blork the orc
  4949 | D:5      | Reached skill level 5 in Dodging
  5290 | D:5      | Reached XP level 8. HP: 34/34 MP: 5/15
  5292 | D:5      | Reached skill level 1 in Air Magic
  5403 | D:5      | Reached skill level 5 in Hexes
  5558 | D:5      | Found a shadowy altar of Dithmenos.
  5798 | D:6      | Found a sand-covered staircase.
  5805 | Ossuary  | Entered an ossuary
  6539 | D:6      | Reached skill level 6 in Dodging
  6539 | D:6      | Reached skill level 5 in Spellcasting
  6933 | D:6      | Found a staircase to the Ecumenical Temple.
  7045 | Temple   | Entered the Ecumenical Temple
  7703 | D:6      | Found Vechagg's Distillery.
  8048 | D:7      | Reached XP level 9. HP: 39/39 MP: 10/18
  8069 | D:7      | Noticed Maggie
  8085 | D:6      | Killed from afar by a steam dragon
  8086 | D:6      | Reached XP level 8. HP: -1/36 MP: 4/17
  8153 | D:6      | Killed from afar by a steam dragon
  8154 | D:6      | Reached XP level 7. HP: -1/33 MP: 7/16
  8330 | D:7      | Killed Maggie
  8455 | D:7      | Reached skill level 7 in Dodging
  8460 | D:7      | HP: 1/33 [orc priest/divine providence (15)]
  8602 | D:7      | Reached XP level 8. HP: 36/36 MP: 5/17
  8815 | D:7      | Reached skill level 5 in Fighting
  8842 | D:7      | Found a hide-covered altar of Uskayaw.
  9149 | D:7      | Found a snail-covered altar of Cheibriados.
 10127 | D:8      | Reached XP level 9. HP: 40/40 MP: 17/19
 10244 | D:8      | Reached skill level 8 in Dodging
 10618 | D:8      | Found a burning altar of Makhleb.
 10816 | D:9      | Noticed a troll
 10827 | D:9      | Killed a troll
 11002 | D:9      | Found an opulent altar of Gozag.
 11010 | D:9      | Found a sparkling altar of Nemelex Xobeh.
 11016 | D:9      | Became a worshipper of Gozag Ym Sagoz the Greedy
 11279 | D:9      | Noticed a two-headed ogre
 11321 | D:9      | Killed a two-headed ogre
 11322 | D:9      | Reached XP level 10. HP: 45/45 MP: 14/21
 11385 | D:9      | Reached skill level 9 in Dodging
 11657 | D:9      | Found a shimmering blue altar of Sif Muna.
 11938 | D:3      | Killed vvlvvlvvl's ghost
 12395 | D:10     | Entered Level 10 of the Dungeon
 12470 | D:10     | Reached skill level 5 in Air Magic
 12493 | D:10     | Reached skill level 1 in Transmutations
 12667 | D:9      | Reached skill level 10 in Summonings
 12932 | D:10     | Noticed a gargoyle
 12945 | D:10     | Killed a gargoyle
 13124 | D:10     | Found a staircase to the Orcish Mines.
 13314 | D:10     | Learned a level 4 spell: Summon Ice Beast
 13517 | D:11     | Noticed Josephine
 13834 | D:11     | Noticed Gastronok
 13842 | D:11     | Noticed an elephant
 13854 | D:11     | Killed an elephant
 13856 | D:11     | Noticed a two-headed ogre
 13866 | D:11     | Killed a two-headed ogre
 13867 | D:11     | Reached XP level 11. HP: 50/50 MP: 4/23
 13878 | D:11     | Killed Gastronok
 13879 | D:11     | Reached skill level 10 in Dodging
 13927 | D:11     | Found a staircase to the Lair.
 14015 | D:11     | Killed Josephine
 14492 | D:11     | Noticed a two-headed ogre
 14510 | D:11     | Killed a two-headed ogre
 14978 | Lair:1   | Entered Level 1 of the Lair of Beasts
 15208 | Lair:1   | Found a blossoming altar of Fedhas.
 15230 | Lair:1   | Noticed an oklob plant
 15878 | Lair:1   | Identified a scroll of acquirement
 15879 | Lair:1   | Acquired 723 gold pieces
 15922 | Lair:1   | Reached skill level 5 in Transmutations
 15995 | Lair:2   | Reached skill level 11 in Dodging
 16249 | Lair:2   | Gained mutation: Your thick and shaggy fur keeps you warm.
                  | (AC +3, rC+) [Felid growth]
 16249 | Lair:2   | Reached XP level 12. HP: 55/55 MP: 18/26
 16677 | Lair:2   | Found a staircase to the Shoals.
 17612 | Lair:3   | Noticed a five-headed hydra
 17620 | Lair:3   | Killed a five-headed hydra
 17953 | Lair:3   | Noticed Nessos
 18138 | Lair:3   | Found a hole to the Spider Nest.
 18433 | Lair:3   | Reached skill level 10 in Spellcasting
 18884 | Lair:3   | Slain by a blink frog
 18885 | Lair:3   | Reached XP level 11. HP: -3/53 MP: 24/26
 18910 | Lair:3   | Noticed an eight-headed hydra
 18924 | Lair:3   | Slain by an eight-headed hydra

Illustrated notes

Levels and vault maps discovered:
D:1:      giann_horns, layout_loops_ring
D:2:      layout_rooms
D:3:      layout_basic, lemuel_crystal_altar, nicolae_ru_the_path_less_chosen,
          dilly_ecumenical_altar_fadedgnrine, gammafunk_ghost_abyssal_escape,
          uniq_crazy_yiuf_cottage, uniq_grinder, uniq_natasha, uniq_terence
D:4:      layout_gridville, tso_oasis_becter, uniq_eustachio
D:5:      layout_basic, lemuel_doored_altar, uniq_blork_the_orc
D:6:      layout_loops_ring, minmay_temple_entry_large_hall, enter_ossuary_2,
          serial_shops, nicolae_shop_back_alley_shop
D:7:      layout_gridville, mainiacjoe_overflow_24_doors,
          nicolae_overflow_crystal_walls, uniq_maggie
D:8:      layout_basic, demons_altar
D:9:      layout_stronghold, grunt_temple_overflow_opulence, lemuel_tele_altar
D:10:     layout_roguey, david_orc_2, chequers_serial_rivers_micro_c
D:11:     layout_long_grid, david_lair_generic, uniq_gastronok, uniq_josephine
Temple:   nicolae_temple_slightly_damp_pantheon
Lair:1:   layout_misc_corridors, serial_bayou_pond_d, minmay_hedge_maze,
          st_stairs_6, tgw_fedhas
Lair:2:   layout_cave_pods, minmay_shoals_entry_hut, grunt_megastairs_5
Lair:3:   layout_cave_pods, nicolae_spider_entry_tight_spaces,
          nicolae_volcano_entry_vermiform, grunt_megastairs_1, uniq_nessos

Skill      XL: |  1  2  3  4  5  6  7  8  9 10 11 12 |
---------------+-------------------------------------+-----
Spellcasting   | 3 4 6 7 9 10 | 10.0
Summonings     | 5 6 8 9 10 | 10.7
Fighting       | 1 2 3 5 6 7 8 9 |  9.0
Dodging        | 3 4 7 6 8 9 11 | 11.9
Hexes          | 2 3 4 5 |  5.0
Air Magic      | 3 2 4 5 6 7 |  7.5
Transmutations | 2 5 6 |  6.6
Stealth        | |  2.6

Action                     |  1- 3 |  4- 6 |  7- 9 | 10-12 || total
---------------------------+-------+-------+-------+-------++-------
  Melee: Unarmed           |    32 |    16 |    18 |    18 ||    84
         Bite              |     6 |     1 |     1 |     3 ||    11
         Punch             |       |       |       |     2 ||     2
   Cast: Summon Small Mamm |    17 |     6 |     9 |    14 ||    46
         Call Imp          |    14 |    16 |    34 |    38 ||   102
         Call Canine Famil |     9 |    25 |    55 |    52 ||   141
         Summon Guardian G |       |       |    61 |    79 ||   140
         Summon Lightning  |       |       |    38 |    63 ||   101
         Summon Ice Beast  |       |       |       |    42 ||    42
 Invoke: Call Merchant     |       |       |       |     2 ||     2
    Use: Scroll            |       |     4 |     9 |     9 ||    22
         Potion            |       |       |     2 |     2 ||     4
   Stab: Sleeping          |     2 |       |       |       ||     2
 Armour: Skin              |     8 |       |     6 |     3 ||    17
  Dodge: Dodged            |    62 |    32 |    98 |   137 ||   329
